 Dungeon Crawl Stone Soup version 0.27.1 (webtiles) character file.

Game seed: 16558544578325523942

29 nxtlvl the Ruffian (level 3, -5/36 HPs)
             Began as a Troll Abyssal Knight on Sept 4, 2021.
             Was a Follower of Lugonu.
             Slain by an ogre (16 damage)
             ... on level 5 of the Dungeon.
             The game lasted 00:03:24 (477 turns).

nxtlvl the Ruffian (Troll Abyssal Knight)            Turns: 477, Time: 00:03:25

Health: -5/36      AC:  4    Str: 20    XL:     3   Next: 1%
Magic:  3/3        EV:  9    Int:  9    God:    Lugonu [*.....]
Gold:   65         SH:  0    Dex:  9    Spells: 2/2 levels left

rFire    . . .     SeeInvis .     - Unarmed
rCold    . . .     Faith    .   (no shield)
rNeg     . . .     Spirit   .   a - +0 robe
rPois    .         Reflect  .   (helmet restricted)
rElec    .         Harm     .   (no cloak)
rCorr    .         Rampage  .   (gloves unavailable)
Will     .....                  (boots unavailable)
Stlth    +.........             (no amulet)
HPRegen  1.12/turn              (no ring)
MPRegen  0.08/turn              (no ring)

@: no status effects
A: large, unfitting armour, claws 3, regeneration 1, shaggy fur 1, tough skin 1
a: Renounce Religion, Depart the Abyss


You were on level 5 of the Dungeon.
You worshipped Lugonu.
Lugonu was aware of your devotion.
You visited 1 branch of the dungeon, and saw 5 of its levels.
You visited the Abyss 1 time.

You collected 65 gold pieces.

Inventory:

Missiles
 c - 7 javelins (quivered)
Armour
 a - a +0 robe (worn)
Scrolls
 b - a scroll of immolation {unknown}
 e - a scroll of magic mapping {unknown}
 f - 2 scrolls of identify {unknown}
 g - a scroll of vulnerability {unknown}
Potions
 d - a potion of haste {unknown}
 h - a potion of resistance {unknown}


   Skills:
 - Level 2.4 Fighting
 - Level 1.9 Dodging
 * Level 3.5 Unarmed Combat
 - Level 1.5 Invocations


You had 2 spell levels left.
You didn't know any spells.
Your spell library contained the following spells:

 Spells                   Type           Power      Damage    Failure   Level
 Fireball                 Conj/Fire      0%         3d3       100%        5
 Iskenderun's Battlesphe  Conj           0%         2d6       100%        5
 Conjure Ball Lightning   Conj/Air       0%         3x3d6     100%        6
 Orb of Destruction       Conj           0%         N/A       100%        7


Dungeon Overview and Level Annotations

Branches:
Dungeon (5/15)
 Temple: D:4-7

Altars:

Shops:
D:1 [


Innate Abilities, Weirdness & Mutations

You are too large for most types of armour.
You have claws for hands.
Your natural rate of healing is unusually fast.
You are covered in fur. (AC +1)
You have tough skin. (AC +1)


Message History

You kill the goblin!
Lugonu accepts your kill.
You have reached level 3!
Your experience leads to an increase in your attributes!
Increase (S)trength, (I)ntelligence, or (D)exterity?
You feel clever.
You feel stronger.
Press: ? - help, v - describe, . - travel, g - get item
Items here: a +0 club; a goblin corpse.
The floor.
A gnoll comes into view.
It is wielding a +0 halberd. 2 gnolls come into view.
The gnoll shouts!
There is a stone staircase leading down here.
You climb downwards.
You hear the sound of rushing water.
There is an entrance to a sewer on this level.
Hurry and find it before the portal rusts away!
You hear the hiss of flowing sand.
There is an entrance to an ossuary on this level.
Hurry and find it before the portal is buried!
The ogre shouts!
Found 23 arrows.
There is a stone staircase leading up here.
Throw: 8 javelins
Press: ? - help, Q - select action, (/) - cycle Shift-Dir - straight line, f - ogre
Aim: an ogre, wielding a +0 giant club (71% to hit)
You throw a javelin. The javelin pierces through the ogre.
The ogre is lightly wounded.
You scratch the ogre.
The ogre is lightly wounded.
The ogre hits you with a +0 giant club.
You barely miss the ogre.
The ogre is lightly wounded.
The ogre hits you with a +0 giant club!!
Ouch! That really hurt!
* * * LOW HITPOINT WARNING * * *
You barely miss the ogre.
The ogre is lightly wounded.
You barely miss the ogre.
The ogre is lightly wounded.
The ogre hits you with a +0 giant club!
You die...

#####
#....####
#(......
......#
###....+
#......#
#....@.#
#....O.#
###....#
#....#
#(...#
####.. ..
...


You could see an ogre.

Vanquished Creatures
  An adder (D:2)
  A dart slug (D:1)
  2 endoplasms
  A giant cockroach (D:1)
  A goblin (D:4)
  2 hobgoblins
  A kobold (D:1)
  2 quokkas (D:1)
  2 ball pythons
  2 bats
  2 frilled lizards
  A rat (D:1)
18 creatures vanquished.

Notes
Turn   | Place    | Note
-------+----------+-------------------------------------------
     0 | Abyss:1  | nxtlvl the Troll Abyssal Knight began the quest for the
                  | Orb.
     0 | Abyss:1  | Reached XP level 1. HP: 22/22 MP: 1/1
    80 | D:1      | Escaped the Abyss
   157 | D:1      | Found a faded altar of an unknown god.
   179 | D:1      | Reached XP level 2. HP: 28/29 MP: 2/2
   249 | D:1      | Found Jejemiez's Armour Shoppe.
   278 | D:2      | Reached skill level 3 in Unarmed Combat
   468 | D:4      | Reached XP level 3. HP: 36/36 MP: 3/3
   472 | D:5      | Entered Level 5 of the Dungeon
   472 | D:5      | Noticed an ogre
   477 | D:5      | Slain by an ogre

Illustrated notes

Levels and vault maps discovered:
D:1:      minmay_arrival_stair_chambers, layout_basic,
          hellmonk_ecumenical_altar_run_dry, serial_shops, shop, chequers_garden
D:2:      layout_loops_ring, minmay_rat_hole
D:3:      layout_basic, chequers_avenue, corexii_hall_statues_l,
          minmay_crystal_water
D:4:      layout_cave_pools
D:5:      layout_basic, gammafunk_ghost_split, portal_sewer_entry_f,
          nicolae_ossuary_entry_ruins, hangedman_decor_peaks_small,
          chequers_big_river

Skill      XL: |  1  2 |
---------------+-------+-----
Unarmed Combat | 3 |  3.5
Fighting       | |  2.4
Dodging        | |  1.9
Invocations    | |  1.5

Action                   || total
-------------------------++-------
Melee: Unarmed           ||    40
Throw: Javelin           ||     1
Armor: Robe              ||    15
Dodge: Dodged            ||    15
